 Dungeon Crawl Stone Soup version 0.29-a0-297-g7659ce593d (webtiles) character file.

Game seed: 373710416917451492

298 BigAl the Digger (level 6, 0/34 HPs)
             Began as a Gargoyle Earth Elementalist on Mar 20, 2022.
             Slain by Pikel
             ... wielding a +0 whip of electrocution
              (4 damage)
             ... on level 3 of the Dungeon.
             The game lasted 00:03:55 (5135 turns).

BigAl the Digger (Gargoyle Earth Elementalist)      Turns: 5135, Time: 00:03:55

Health: 0/34       AC:  6    Str: 12    XL:     6   Next: 36%
Magic:  6/12       EV: 12    Int: 17    God:
Gold:   173        SH:  0    Dex: 10    Spells: 12/13 levels left

rFire   . . .      SeeInvis .   r - +0 dagger (protect)
rCold   . . .      Faith    .   (no shield)
rNeg    + . .      Spirit   .   b - +0 robe
rPois   ∞          Reflect  .   (no helmet)
rElec   +          Harm     .   (no cloak)
rCorr   .          Rampage  .   (no gloves)
Will    .....                   (no boots)
Stlth   ++........              (no amulet)
HPRegen 0.11/turn               (no ring)
MPRegen 0.13/turn               (no ring)

@: very slightly contaminated
A: sickness immunity, AC +4, negative energy resistance 1, electricity
resistance, torment resistance 1, petrification resistance
a: no special abilities


You were on level 3 of the Dungeon.
You visited 1 branch of the dungeon, and saw 4 of its levels.

You collected 173 gold pieces.

Inventory:

Hand Weapons
 r - a +0 dagger of protection (weapon)
Missiles
 a - 23 stones
 m - a throwing net
Armour
 b - a +0 robe (worn)
Wands
 x - a wand of mindburst (6)
Scrolls
 d - a scroll of identify {unknown}
 e - 3 scrolls of immolation {unknown}
 f - a scroll of vulnerability {unknown}
 g - a scroll of magic mapping {unknown}
 j - a scroll of enchant armour {unknown}
 k - 2 scrolls of blinking {unknown}
 s - a scroll of silence {unknown}
 u - a scroll of torment {unknown}
Potions
 c - a potion of magic
 h - a potion of haste {unknown}
 i - a potion of cancellation {unknown}
 l - a potion of brilliance {unknown}
 n - a potion of might {unknown}
 o - a potion of invisibility {unknown}
 p - a potion of heal wounds {unknown}
 q - a potion of mutation {unknown}
 t - a potion of lignification {unknown}
 v - a potion of flight {unknown}
 w - a potion of ambrosia {unknown}


   Skills:
 + Level 1.6 Fighting
 - Level 1.2 Maces & Flails
 + Level 2.5 Dodging
 - Level 2.1 Stealth
 * Level 4.4 Spellcasting
 - Level 0.7 Transmutations
 + Level 4.8 Earth Magic


You had 12 spell levels left.
You knew the following spells:

 Your Spells              Type           Power      Damage    Failure   Level
a - Sandblast             Erth           40%        2d10      1%          1

Your spell library contained the following spells:

 Spells                   Type           Power      Damage    Failure   Level
 Passwall                 Tmut/Erth      10%        N/A       8%          2
 Stone Arrow              Conj/Erth      24%        3d8       17%         3
 Petrify                  Tmut/Erth      13%        N/A       43%         4


Dungeon Overview and Level Annotations

Branches:
Dungeon (4/15)
 Temple: D:4-7

Altars:
Qazlal

Shops:
D:1 ?   D:2 =

Annotations:
D:3 Pikel


Innate Abilities, Weirdness & Mutations

You are immune to sickness and miasma.
Your stone body is resilient. (AC +4)
You are immune to poison.
You resist negative energy. (rN+)
You are resistant to electric shocks. (rElec)
You are resistant to unholy torment.
You are immune to petrification.


Message History

Press: ? - help, Q - select action, (/) - cycle Shift-Dir - straight line, f/p - Pikel
Aim: Pikel, wielding a +0 whip of electrocution and wearing a +0 robe (lightly wounded, 76% to hit)
The blast of sand hits Pikel but does no damage.
Pikel is lightly wounded.
Aiming: Sandblast (safe; 1% risk of failure)
Press: ? - help, Q - select action, (/) - cycle Shift-Dir - straight line, f/p - Pikel
Aim: Pikel, wielding a +0 whip of electrocution and wearing a +0 robe (lightly wounded, 76% to hit)
You miscast Sandblast.
You are very lightly contaminated with residual magic.
Nothing appears to happen.
Pikel closely misses you.
Pikel hits you with a +0 whip of electrocution!
A mysterious force pulls you upwards. The hatch slams shut behind you.
Aiming: Sandblast (safe; 1% risk of failure)
Press: ? - help, Q - select action, (/) - cycle Shift-Dir - straight line, f - Pikel
Aim: Pikel, wielding a +0 whip of electrocution and wearing a +0 robe (lightly wounded, 76% to hit)
The blast of sand hits Pikel!
Pikel is heavily wounded.
Pikel hits you with a +0 whip of electrocution!
Aiming: Sandblast (safe; 1% risk of failure)
Press: ? - help, Q - select action, (/) - cycle Shift-Dir - straight line, f/p - Pikel
Aim: Pikel, wielding a +0 whip of electrocution and wearing a +0 robe (heavily wounded, 76% to hit)
The blast of sand hits Pikel.
Pikel is severely wounded.
Pikel hits you with a +0 whip of electrocution.
* * * LOW HITPOINT WARNING * * *
Aiming: Sandblast (safe; 1% risk of failure)
Press: ? - help, Q - select action, (/) - cycle Shift-Dir - straight line, f/p - Pikel
Aim: Pikel, wielding a +0 whip of electrocution and wearing a +0 robe (severely wounded, 76% to hit)
The blast of sand hits Pikel.
Pikel is severely wounded.
Pikel hits you with a +0 whip of electrocution.
* * * LOW HITPOINT WARNING * * *
Aiming: Sandblast (safe; 1% risk of failure)
Press: ? - help, Q - select action, (/) - cycle Shift-Dir - straight line, f/p - Pikel
Aim: Pikel, wielding a +0 whip of electrocution and wearing a +0 robe (severely wounded, 76% to hit)
The blast of sand hits Pikel.
Pikel is almost dead.
Pikel hits you with a +0 whip of electrocution.
You die...

.....# #.#..###..†....## ##
########.#.............# #.
............#.#.......##########.
##.#####.##...##.................
##..####.##.#.###...#############
.#≈.≈≈##.##.#.# #..##
≈≈≈≈≈≈≈..##.#.# #..#
≈≈≈≈#≈≈≈#.....###..#
≈≈...≈≈≈≈≈.....K@..#
≈#..#.≈#≈≈..######.#
≈≈≈)≈≈≈≈≈≈#.# #.# ≈≈≈.≈≈≈≈≈≈≈≈#
###.# ≈≈)..≈≈≈≈≈≈≈####...#
≈≈.<.≈≈≈≈≈≈.......<#
≈≈.♣.≈≈≈≈≈≈≈####...#
#≈≈.≈≈≈≈≈≈#≈# ##..#########
≈≈≈♣.≈≈≈≈≈≈#####...........#


You could see Pikel.

Vanquished Creatures
  An orc priest (D:4)
  A hound (D:3)
  3 orc wizards (D:4)
  6 adders
  A worm (D:2)
  8 dart slugs
  7 orcs
  5 endoplasms
  5 giant cockroaches (D:2)
  8 hobgoblins
  2 jackals (D:2)
  6 kobolds
  5 quokkas
  7 ball pythons
  8 bats
  7 frilled lizards
  8 goblins
  2 rats
90 creatures vanquished.

Notes
Turn   | Place    | Note
-------+----------+-------------------------------------------
     0 | D:1      | BigAl the Gargoyle Earth Elementalist began the quest for
                  | the Orb.
     0 | D:1      | Reached XP level 1. HP: 10/10 MP: 3/3
   349 | D:1      | Reached XP level 2. HP: 10/15 MP: 5/5
   849 | D:1      | Found Hozxotet's Magic Scroll Boutique.
  1303 | D:1      | Found a faded altar of an unknown god.
  1394 | D:1      | Reached XP level 3. HP: 19/19 MP: 7/7
  1817 | D:2      | Found a stormy altar of Qazlal.
  2078 | D:2      | Found Duathy's Jewellery Emporium.
  2434 | D:2      | Reached XP level 4. HP: 24/24 MP: 2/8
  2552 | D:2      | Reached skill level 1 in Maces & Flails
  3541 | D:3      | Reached skill level 1 in Fighting
  4008 | D:3      | Reached XP level 5. HP: 29/29 MP: 4/10
  4739 | D:4      | Reached XP level 6. HP: 19/34 MP: 0/12
  5043 | D:4      | Noticed Pikel
  5135 | D:3      | Slain by Pikel

Illustrated notes

Levels and vault maps discovered:
D:1:      zaba_arrival_water, layout_loops_ring,
          shapermc_ecumenical_altar_petra, serial_shops, nicolae_shop_trees,
          minmay_tripent
D:2:      layout_basic, serial_shops, shop, basic_altar, minivault_25,
          chequers_serial_rivers_room_b, kennysheep_boxes
D:3:      kennysheep_slugbush, layout_loops_ring, minmay_cut_off
D:4:      layout_loops_ring, uniq_menkaure, uniq_pikel

Skill      XL: |  1  2  3  4  5 |
---------------+----------------+-----
Earth Magic    | 4 |  4.8
Dodging        | 2 |  2.5
Maces & Flails | 1 |  1.2
Spellcasting   | 3 4 |  4.4
Fighting       | 1 |  1.6
Stealth        | |  2.1
Transmutations | |  0.7

Action                   |  1- 3 |  4- 6 || total
-------------------------+-------+-------++-------
Melee: Club              |   127 |    43 ||   170
       Unarmed           |     1 |       ||     1
       Dagger            |       |   123 ||   123
       Punch             |       |     1 ||     1
 Cast: Sandblast         |    16 |    62 ||    78
 Stab: Sleeping          |     5 |     1 ||     6
Armor: Robe              |    64 |    76 ||   140
Dodge: Dodged            |    89 |   144 ||   233

Table legend: (Time is in decaauts)
 A = Elapsed time spent in this place.
 B = Non-inter-level travel time spent in this place.
 C = Inter-level travel time spent in this place.
 D = Time resting spent in this place.
 E = Time spent auto-exploring this place.
 F = Levels seen in this place.
 G = Mean time per level.
                   A        B        C        D        E       F      G
               +--------+--------+--------+--------+--------+-----+--------+
         Total |   5239 |   5002 |    237 |     82 |   4163 |   4 | 1309.8 |
       Dungeon |   5239 |   5002 |    237 |     82 |   4163 |   4 | 1309.8 |
               +--------+--------+--------+--------+--------+-----+--------+

Top non-repeatable levels by time:
     D:1: 1839 daAuts
     D:2: 1721 daAuts
     D:3: 1397 daAuts
     D:4: 280 daAuts
